 Dungeon Crawl Stone Soup version 0.17-a0-1534-gf98da79 (webtiles) character file.

390 namelastname112 the Magician (level 6, -2/51 HPs)
             Began as a Draconian Fire Elementalist on July 17, 2015.
             Slain by an orc wizard
             ... wielding a +0 dagger of holy wrath
              (4 damage)
             ... on level 4 of the Dungeon.
             The game lasted 00:07:10 (4269 turns).

namelastname112 the Magician (DrFE)                 Turns: 4269, Time: 00:07:10

Health: -2/51      AC:  6    Str: 10    XL:     6   Next: 50%
Magic:  6/13       EV: 16    Int: 18    God:
Gold:   143        SH:  0    Dex: 11    Spells: 1 memorised, 13 levels left

rFire  . . .     SeeInvis .     p - +1 dagger (drain)
rCold  . . .     Clarity  .     (armour unavailable)
rNeg   . . .     SustAt   .     (no shield)
rPois  .         Gourm    .     (helmet restricted)
rElec  .         Spirit   .     (no cloak)
rCorr  .         Warding  .     (no gloves)
rMut   .         Stasis   +     (no boots)
MR     .....                    k - amulet of stasis (curse)
Stlth  ++........               (no ring)
                                h - +3 ring of evasion

@: very slightly contaminated, invisible, not resistant to hostile enchantments,
unstealthy
A: unfitting armour, cold-blooded, AC +6
a: no special abilities


You were on level 4 of the Dungeon.
You were hungry.

You visited 1 branch of the dungeon, and saw 4 of its levels.

You collected 143 gold pieces.

Inventory:

Hand weapons
 p - a +1 dagger of draining (weapon)
Jewellery
 h - a +3 ring of evasion (left hand)
 k - a cursed amulet of stasis (around neck)
Magical devices
 f - a wand of heal wounds (3)
 s - a wand of fire (7)
 v - a wand of fireball (12)
Scrolls
 c - 3 scrolls of remove curse {unknown}
 d - a scroll of random uselessness {unknown}
 e - a scroll of enchant weapon {unknown}
 l - 2 scrolls of identify {unknown}
 m - a scroll of magic mapping {unknown}
Potions
 g - a potion of magic
 j - a potion of brilliance {unknown}
 n - a potion of haste
 r - a potion of curing {unknown}
 t - a potion of lignification {unknown}
 u - a potion of cure mutation {unknown}
Books
 a - a book of Flames

   Spells                             Type                      Level
   a - Flame Tongue                   Conjuration/Fire             1
   b - Throw Flame                    Conjuration/Fire             2
   c - Conjure Flame                  Conjuration/Fire             3
   d - Inner Flame                    Hexes/Fire                   3
   e - Sticky Flame                   Conjuration/Fire             4
   f - Fireball                       Conjuration/Fire             5
Comestibles
 b - 4 bread rations
 i - 9 fruits
 o - 3 meat rations


   Skills:
 + Level 3.3 Fighting
 + Level 3.5 Dodging
 - Level 1.7 Stealth
 * Level 4.7 Spellcasting
 - Level 1.0 Conjurations
 - Level 3.0 Fire Magic


You had 13 spell levels left.
You knew the following spells:

 Your Spells              Type           Power        Failure   Level  Hunger
z - Flame Tongue          Conj/Fire      ##...        8%          1    None


Dungeon Overview and Level Annotations

Branches:
Dungeon (4/15)
 Temple: D:4-7

Altars:


Innate Abilities, Weirdness & Mutations

Your plain brown scales are hard (AC +6).
Your body does not fit into most forms of armour.
You are cold-blooded and may be slowed by cold attacks.


Message History

Something hits you but does no damage. x2
Casting: Flame Tongue
Confirm with . or Enter, or press ? or * to list all spells.
Aiming: Flame Tongue
Press: ? - help, Shift-Dir - straight line The flame tongue hits something.
Something hits you.
* * * LOW HITPOINT WARNING * * *
Casting: Flame Tongue
Confirm with . or Enter, or press ? or * to list all spells.
Aiming: Flame Tongue
Press: ? - help, Shift-Dir - straight line The flame tongue hits something.
Something hits you.
* * * LOW HITPOINT WARNING * * *
Something barely misses you.
Casting: Flame Tongue
Confirm with . or Enter, or press ? or * to list all spells.
Aiming: Flame Tongue
Press: ? - help, Shift-Dir - straight line Something hits you.
You die...

## #...###.....## ...#
#..........##
....######.........#
......###.........#
.................##
#..............#
####.............#
...###..)...............
........)@.$.............
.........{...............
.......#####......#..###
....### #......#..# ...
#......# .# .. #......# .
#....... .......


There were no monsters in sight!

Vanquished Creatures
  2 scorpions (D:4)
  An orc wizard (D:3)
  An orc priest (D:3)
  Jessica (D:3)
  8 adders
  A gnoll (D:1)
  An ooze (D:1)
  5 worms (D:2)
  14 orcs
  7 bats
  3 giant cockroaches (D:1)
  5 hobgoblins
  11 kobolds
  A quokka (D:2)
  2 ball pythons
  5 giant geckos
  2 giant newts (D:1)
  9 goblins
  18 rats
97 creatures vanquished.

Notes
Turn   | Place    | Note
--------------------------------------------------------------
     0 | D:1      | namelastname112 the Draconian Fire Elementalist began the quest for the Orb.
     0 | D:1      | Reached XP level 1. HP: 14/14 MP: 3/3
   520 | D:2      | Reached XP level 2. HP: 22/22 MP: 0/5
   694 | D:2      | Reached XP level 3. HP: 20/27 MP: 0/7
  1250 | D:1      | Reached skill level 1 in Fighting
  1802 | D:1      | Reached XP level 4. HP: 35/35 MP: 3/9
  2360 | D:2      | Found a faded altar to an unknown god.
  2451 | D:3      | Noticed Jessica
  2455 | D:3      | Killed Jessica
  2466 | D:2      | Reached XP level 5. HP: 37/41 MP: 0/10
  2986 | D:3      | Reached skill level 4 in Spellcasting
  3636 | D:3      | Reached XP level 6. HP: 51/51 MP: 8/12
  4268 | D:4      | HP: 2/51 [something (2)]
  4269 | D:4      | Slain by an orc wizard

Vault maps used:
D:1:      lemuel_arrival_tunnels, serial_forest, infiniplex_forest_lined_3,
          infiniplex_forest_lined_room_2, infiniplex_forest_lined_4_way,
          infiniplex_forest_zigzag_2, infiniplex_forest_end_3
D:2:      ecumenical_altar_1, hangedman_decor_riveting
D:3:      uniq_jessica

Action                   |  1- 3 |  4- 6 || total
-------------------------+-------+-------++-------
Melee: Unarmed           |    37 |     1 ||    38
       Dagger            |       |    68 ||    68
 Cast: Flame Tongue      |    66 |   139 ||   205
  Use: Potion            |       |     3 ||     3
 Stab: Sleeping          |       |     2 ||     2
  Eat: Chunk             |     2 |     8 ||    10
